2634 views
Uploaded 2021-01-02 19:56:44
Game version 1.32.9
57:56 long 1on1 ladder game on (2)NorthernIsles
Saved by xzz
2634 views
Uploaded 2021-01-02 19:56:44
Game version 1.32.9
57:56 long 1on1 ladder game on (2)NorthernIsles

/ 1.1k
25 buildings @ 3.2k
/ 1.4k

| Peasant | 22 | 1650 | / | 0 |
| Footman | 19 | 2565 | / | 0 |
| Rifleman | 7 | 1435 | / | 210 |
| Priest | 6 | 810 | / | 60 |
| Sorceress | 2 | 310 | / | 40 |
| Knight | 6 | 1470 | / | 360 |
| Siege Engine | 7 | 1365 | / | 420 |
| total: | 69 | 9605g | / | 1090w |
| Altar of Kings | 1 | 180 | / | 50 |
| Farm | 15 | 1200 | / | 300 |
| Barracks | 2 | 320 | / | 120 |
| Blacksmith | 1 | 140 | / | 60 |
| Town Hall | 2 | 770 | / | 410 |
| Lumber Mill | 1 | 120 | / | 0 |
| Arcane Sanctum | 1 | 150 | / | 140 |
| Workshop | 2 | 280 | / | 280 |
| Keep | 1 | 320 | / | 210 |
| Castle | 1 | 360 | / | 210 |
| total: | 25 | 3160g | / | 1360w |
| 0:04 | Peasant |
| 0:04 | Peasant |
| 0:04 | Peasant |
| 0:07 | Altar of Kings |
| 0:11 | Farm |
| 0:13 | Peasant |
| 0:22 | Peasant |
| 0:54 | Barracks |
| 0:56 | Farm |
| 1:09 | Peasant |
| 1:24 | Peasant |
| 1:47 | Blacksmith |
| 1:51 | Peasant |
| 2:10 | Farm |
| 2:11 | Footman |
| 2:11 | Footman |
| 2:50 | Storm Bolt |
| 2:58 | Footman |
| 3:29 | Farm |
| 3:32 | Rifleman |
| 3:32 | Rifleman |
| 3:38 | Farm |
| 3:41 | Footman |
| 3:43 | Footman |
| 4:05 | Farm |
| 4:15 | Footman |
| 4:29 | Keep |
| 4:37 | Footman |
| 5:40 | Footman |
| 5:40 | Footman |
| 6:03 | Iron Forged Swords |
| 6:03 | Iron Plating |
| 6:11 | Farm |
| 6:22 | Footman |
| 6:40 | Footman |
| 6:51 | Arcane Sanctum |
| 6:53 | Thunder Clap |
| 7:07 | Footman |
| 7:08 | Footman |
| 7:25 | Steel Forged Swords |
| 7:26 | Footman |
| 7:34 | Farm |
| 7:36 | Priest Adept Training |
| 7:48 | Footman |
| 8:12 | Thunder Clap |
| 8:24 | Priest |
| 8:24 | Priest |
| 8:24 | Priest |
| 8:36 | Castle |
| 8:48 | Footman |
| 9:01 | Footman |
| 9:21 | Storm Bolt |
| 9:35 | Town Hall |
| 10:32 | Priest |
| 10:33 | Footman |
| 10:33 | Footman |
| 10:37 | Lumber Mill |
| 11:00 | Peasant |
| 11:00 | Peasant |
| 11:00 | Peasant |
| 11:01 | Peasant |
| 11:23 | Improved Lumber Harvesting |
| 11:36 | Workshop |
| 11:48 | Farm |
| 11:50 | Sorceress Adept Training |
| 11:55 | Peasant |
| 11:55 | Peasant |
| 12:14 | Sundering Blades |
| 12:19 | Peasant |
| 12:20 | Peasant |
| 12:21 | Peasant |
| 12:21 | Peasant |
| 12:29 | Farm |
| 12:50 | Workshop |
| 12:55 | Advanced Lumber Harvesting |
| 13:04 | Thunder Clap |
| 13:51 | Priest Master Training |
| 13:52 | Sorceress Master Training |
| 14:01 | Barrage |
| 14:22 | Rifleman |
| 14:23 | Rifleman |
| 14:23 | Rifleman |
| 15:03 | Siege Engine |
| 15:04 | Siege Engine |
| 15:07 | Sorceress |
| 15:08 | Priest |
| 15:09 | Black Gunpowder |
| 15:09 | Studded Leather Armor |
| 15:11 | Rifleman |
| 15:17 | Barracks |
| 15:24 | Siege Engine |
| 15:25 | Siege Engine |
| 15:28 | Sorceress |
| 15:29 | Priest |
| 15:34 | Rifleman |
| 15:35 | Knight |
| 15:36 | Animal War Training |
| 15:45 | Farm |
| 16:33 | Knight |
| 16:33 | Knight |
| 16:33 | Knight |
| 16:42 | Siege Engine |
| 16:45 | Siege Engine |
| 16:51 | Refined Gunpowder |
| 17:07 | Improved Masonry |
| 18:00 | Siege Engine |
| 18:04 | Farm |
| 18:09 | Farm |
| 19:27 | Knight |
| 19:28 | Knight |
| 19:52 | Advanced Masonry |
| 20:34 | Town Hall |
| 20:37 | Peasant |
| 20:37 | Peasant |
| 20:49 | Peasant |
| 21:25 | Farm |
| 21:28 | Farm |
| 21:37 | Peasant |
| 22:35 | Imbued Masonry |
| Select | 465 |
| Right click | 305 |
| Build/train/purchase | 106 |
| Use ability | 18 |
| Remove unit | 6 |
| Chat | 6 |
| Item give/drop | 3 |
46 units @ 5.8k
/ 1.2k
101 buildings @ 5.5k
/ 3k

| Scroll of Regeneration | 7 | 700 |
| Lesser Clarity Potion | 3 | 210 |
| Potion of Healing | 1 | 150 |
| Ivory Tower | 12 | 480 |
| Scroll of Town Portal | 2 | 700 |
| Scroll of Healing | 1 | 250 |
| Boots of Speed | 1 | 250 |
| Potion of Lesser Invulnerability | 1 | 150 |
| Potion of Invisibility | 1 | 100 |
| Scroll of Protection | 1 | 150 |
| Staff of Teleportation | 1 | 150 |
| Legion Doom-Horn | 1 | 500 |
| Cloak of Shadows | 1 | 100 |
| Alleria's Flute of Accuracy | 1 | 400 |
| total: | 34 | 4290g |
| Peasant | 21 | 1575 | / | 0 |
| Footman | 5 | 675 | / | 0 |
| Mortar Team | 5 | 900 | / | 350 |
| Sorceress | 2 | 310 | / | 40 |
| Flying Machine | 7 | 700 | / | 210 |
| Goblin Shredder | 2 | 750 | / | 200 |
| Goblin Sapper | 3 | 645 | / | 300 |
| Goblin Zeppelin | 1 | 240 | / | 60 |
| total: | 46 | 5795g | / | 1160w |
| Scout Tower | 79 | 2370 | / | 1580 |
| Arcane Tower | 2 | 140 | / | 100 |
| Guard Tower | 21 | 1470 | / | 1050 |
| Altar of Kings | 1 | 180 | / | 50 |
| Farm | 8 | 640 | / | 160 |
| Lumber Mill | 2 | 240 | / | 0 |
| Barracks | 1 | 160 | / | 60 |
| Arcane Vault | 3 | 390 | / | 90 |
| Blacksmith | 1 | 140 | / | 60 |
| Town Hall | 2 | 770 | / | 410 |
| Cannon Tower | 12 | 1440 | / | 1200 |
| Workshop | 3 | 420 | / | 420 |
| Arcane Sanctum | 1 | 150 | / | 140 |
| Keep | 2 | 640 | / | 420 |
| Castle | 1 | 360 | / | 210 |
| total: | 101 | 5460g | / | 2970w |
| 0:15 | Altar of Kings |
| 0:21 | Farm |
| 0:25 | Peasant |
| 0:25 | Peasant |
| 0:46 | Scout Tower |
| 0:57 | Scout Tower |
| 1:05 | Farm |
| 1:07 | Peasant |
| 1:11 | Lumber Mill |
| 1:19 | Barracks |
| 1:23 | Peasant |
| 1:43 | Peasant |
| 1:47 | Lumber Mill |
| 1:52 | Peasant |
| 2:16 | Peasant |
| 2:20 | Arcane Vault |
| 2:25 | Flame Strike |
| 2:54 | Arcane Tower |
| 2:57 | Scout Tower |
| 2:59 | Peasant |
| 2:59 | Peasant |
| 3:16 | Footman |
| 3:17 | Footman |
| 3:28 | Farm |
| 3:34 | Guard Tower |
| 3:39 | Scout Tower |
| 3:41 | Scout Tower |
| 3:42 | Peasant |
| 3:43 | Peasant |
| 3:52 | Footman |
| 4:00 | Farm |
| 4:17 | Guard Tower |
| 4:24 | Farm |
| 4:26 | Scroll of Regeneration |
| 4:35 | Scroll of Regeneration |
| 4:41 | Guard Tower |
| 5:11 | Scout Tower |
| 5:39 | Guard Tower |
| 5:42 | Scout Tower |
| 5:46 | Scout Tower |
| 5:49 | Scout Tower |
| 5:50 | Scout Tower |
| 5:52 | Scout Tower |
| 5:53 | Keep |
| 5:57 | Siphon Mana |
| 6:07 | Peasant |
| 6:07 | Peasant |
| 6:09 | Guard Tower |
| 6:12 | Guard Tower |
| 6:26 | Scout Tower |
| 6:28 | Guard Tower |
| 6:32 | Peasant |
| 6:32 | Peasant |
| 6:34 | Guard Tower |
| 6:43 | Peasant |
| 7:02 | Guard Tower |
| 7:12 | Peasant |
| 7:12 | Peasant |
| 7:54 | Keep |
| 7:56 | Scroll of Regeneration |
| 8:04 | Blacksmith |
| 8:47 | Goblin Shredder |
| 8:56 | Scout Tower |
| 8:56 | Scout Tower |
| 8:57 | Scout Tower |
| 8:57 | Scout Tower |
| 8:58 | Scout Tower |
| 8:59 | Scout Tower |
| 9:00 | Scout Tower |
| 9:14 | Scout Tower |
| 9:14 | Scout Tower |
| 9:15 | Scout Tower |
| 9:15 | Scout Tower |
| 9:23 | Lesser Clarity Potion |
| 9:28 | Guard Tower |
| 9:44 | Scout Tower |
| 9:46 | Scout Tower |
| 10:32 | Workshop |
| 10:35 | Guard Tower |
| 11:32 | Workshop |
| 11:37 | Town Hall |
| 11:40 | Scout Tower |
| 11:52 | Mortar Team |
| 11:59 | Farm |
| 12:21 | Mortar Team |
| 12:45 | Mortar Team |
| 13:02 | Workshop |
| 13:23 | Scout Tower |
| 13:25 | Scout Tower |
| 13:26 | Scout Tower |
| 13:27 | Scout Tower |
| 13:37 | Mortar Team |
| 13:50 | Castle |
| 13:51 | Black Gunpowder |
| 14:13 | Scout Tower |
| 14:15 | Scout Tower |
| 14:16 | Scout Tower |
| 14:20 | Scout Tower |
| 14:21 | Scout Tower |
| 14:22 | Scout Tower |
| 14:23 | Scout Tower |
| 14:23 | Scout Tower |
| 14:23 | Scout Tower |
| 14:23 | Scout Tower |
| 14:24 | Scout Tower |
| 14:25 | Scout Tower |
| 14:25 | Scout Tower |
| 14:36 | Boots of Speed |
| 14:37 | Potion of Lesser Invulnerability |
| 14:37 | Potion of Invisibility |
| 15:03 | Cannon Tower |
| 15:05 | Cannon Tower |
| 15:08 | Cannon Tower |
| 15:15 | Arcane Sanctum |
| 15:19 | Farm |
| 15:20 | Farm |
| 15:22 | Flak Cannons |
| 15:23 | Flare |
| 15:26 | Studded Leather Armor |
| 15:28 | Reinforced Leather Armor |
| 15:31 | Scroll of Regeneration |
| 15:35 | Flame Strike |
| 15:37 | Cannon Tower |
| 15:44 | Scout Tower |
| 15:45 | Scout Tower |
| 15:45 | Scout Tower |
| 16:00 | Footman |
| 16:00 | Footman |
| 16:28 | Scroll of Regeneration |
| 17:06 | Guard Tower |
| 17:10 | Sorceress |
| 17:10 | Sorceress |
| 17:11 | Sorceress Adept Training |
| 17:24 | Scroll of Town Portal |
| 17:26 | Potion of Healing |
| 18:20 | Cannon Tower |
| 18:25 | Fragmentation Shards |
| 18:32 | Goblin Sapper |
| 18:32 | Goblin Sapper |
| 18:32 | Goblin Sapper |
| 18:50 | Improved Masonry |
| 19:29 | Cannon Tower |
| 19:31 | Guard Tower |
| 20:30 | Scout Tower |
| 20:31 | Scout Tower |
| 20:31 | Scout Tower |
| 20:33 | Scout Tower |
| 20:33 | Scout Tower |
| 20:36 | Scout Tower |
| 20:37 | Scout Tower |
| 20:40 | Peasant |
| 20:40 | Peasant |
| 20:40 | Peasant |
| 20:44 | Scout Tower |
| 20:44 | Scout Tower |
| 20:45 | Scout Tower |
| 20:45 | Scout Tower |
| 20:49 | Siphon Mana |
| 21:24 | Scroll of Regeneration |
| 21:29 | Mortar Team |
| 21:35 | Cannon Tower |
| 21:39 | Town Hall |
| 22:17 | Cannon Tower |
| 22:23 | Scroll of Healing |
| 22:23 | Scroll of Protection |
| 22:58 | Advanced Masonry |
| 23:02 | Scroll of Regeneration |
| 23:02 | Lesser Clarity Potion |
| 23:11 | Cannon Tower |
| 23:16 | Guard Tower |
| 23:26 | Cannon Tower |
| 24:22 | Goblin Shredder |
| 24:51 | Sorceress Master Training |
| 24:51 | Magic Sentry |
| 25:02 | Flying Machine |
| 25:04 | Imbued Masonry |
| 25:09 | Guard Tower |
| 25:13 | Scout Tower |
| 25:14 | Scout Tower |
| 25:15 | Scout Tower |
| 25:15 | Scout Tower |
| 25:16 | Scout Tower |
| 25:17 | Scout Tower |
| 25:19 | Scout Tower |
| 25:20 | Scout Tower |
| 25:20 | Scout Tower |
| 25:21 | Scout Tower |
| 25:22 | Scout Tower |
| 25:22 | Scout Tower |
| 25:23 | Scout Tower |
| 25:23 | Scout Tower |
| 25:23 | Scout Tower |
| 25:24 | Scout Tower |
| 25:24 | Scout Tower |
| 25:25 | Scout Tower |
| 25:26 | Scout Tower |
| 25:27 | Scout Tower |
| 25:28 | Scout Tower |
| 25:29 | Scout Tower |
| 26:02 | Lesser Clarity Potion |
| 26:04 | Scroll of Town Portal |
| 26:19 | Cannon Tower |
| 26:21 | Guard Tower |
| 26:43 | Goblin Zeppelin |
| 27:08 | Arcane Vault |
| 27:17 | Arcane Vault |
| 27:25 | Ivory Tower |
| 27:26 | Ivory Tower |
| 29:45 | Refined Gunpowder |
| 30:13 | Ivory Tower |
| 30:13 | Ivory Tower |
| 30:26 | Guard Tower |
| 30:28 | Arcane Tower |
| 30:33 | Cannon Tower |
| 30:37 | Guard Tower |
| 30:41 | Ivory Tower |
| 30:41 | Ivory Tower |
| 30:51 | Ivory Tower |
| 31:07 | Staff of Teleportation |
| 32:11 | Guard Tower |
| 32:48 | Ivory Tower |
| 32:48 | Ivory Tower |
| 32:54 | Ivory Tower |
| 32:54 | Ivory Tower |
| 33:14 | Ivory Tower |
| 33:47 | Guard Tower |
| 35:40 | Imbued Gunpowder |
| 35:41 | Iron Plating |
| 42:43 | Guard Tower |
| 45:50 | Flying Machine Bombs |
| 45:55 | Flying Machine |
| 45:55 | Flying Machine |
| 45:55 | Flying Machine |
| 45:56 | Flying Machine |
| 45:56 | Flying Machine |
| 45:56 | Flying Machine |
| 50:46 | Flame Strike |
| 53:26 | Legion Doom-Horn |
| 53:36 | Cloak of Shadows |
| 54:14 | Alleria's Flute of Accuracy |
| 54:32 | Steel Plating |
| 54:33 | Dragonhide Armor |
| Right click | 1820 |
| Select | 556 |
| Build/train/purchase | 193 |
| Select group | 181 |
| Use ability | 97 |
| Misc. action | 27 |
| Assign group | 14 |
| Chat | 13 |
| Item give/drop | 10 |
| Esc | 7 |